Map: Hardwire LE

Players

A.I. 1 (Easy) - Winner!

  • Race: Terran Terran

Eleven

  • Race: Zerg Zerg
  • League: Diamond

VOD

Have the link to the VOD?

Description

Time

  • Played on: Nov. 5, 2021, 11:09 a.m.
  • Length: 5:06
Show
View Real Time Build Order
Export as new Build Order

A.I. 1 (Easy) Terran - Winner!

Build Orders:  

Get SALT Encoding   

  12  0:00  SCV  
  13  0:13  SCV  
  14  0:17  Supply Depot  
  14  0:25  SCV  
  15  0:39  SCV  
  16  0:43  Barracks  
  16  1:02  Supply Depot  
  16  1:10  Refinery  
  16  1:13  SCV  
  17  1:21  Refinery  
  17  1:28  SCV  
  17  1:30  Marine  
  19  1:40  SCV  
  20  1:48  Marine  
  20  1:52  SCV  
  22  1:58  Supply Depot  
  22  2:04  SCV  
  22  2:07  Barracks Tech Lab  
  23  2:16  SCV  
  24  2:25  Marine  
  24  2:28  Orbital Command  
  25  2:43  Marauder  
  27  2:47  Supply Depot  
  27  2:54  SCV  
  28  3:01  Command Center  
  28  3:04  Marine  
  29  3:06  SCV  
  30  3:24  Marauder, SCV  
  33  3:36  SCV  
  33  3:38  Supply Depot  
  34  3:47  Reaper  
  35  4:01  Factory  
  35  4:19  Marauder, SCV  
  35  4:22  Refinery  
  35  4:23  SCV  
  39  4:29  Refinery  
  39  4:31  SCV  
  40  4:35  SCV  
  41  4:40  Marine  
  41  4:43  SCV  
  43  4:47  SCV  
  43  4:48  Starport  
Show
View Real Time Build Order
Export as new Build Order

Eleven Zerg 

Build Orders: Hatch First 

Get SALT Encoding   

  12  0:00  Drone  
  13  0:12  Overlord  
  13  0:16  Drone  
  14  0:31  Drone x2  
  14  0:34  Drone  
  17  0:53  Hatchery  
  17  0:55  Drone  
  17  0:58  Drone  
  18  1:09  Extractor  
  17  1:13  Spawning Pool  
  17  1:15  Drone  
  17  1:19  Drone  
  18  1:28  Drone  
  20  1:40  Drone  
  20  1:50  Overlord  
  20  2:01  Queen  
  20  2:04  Queen  
  20  2:05  Zergling x2  
  20  2:06  Zergling x2  
  26  2:12  Drone  
  27  2:16  Drone  
  29  2:22  Drone  
  29  2:28  Drone  
  30  2:30  Hatchery  
  30  2:34  Overlord  
  29  2:37  Metabolic Boost  
  29  2:46  Queen  
  29  2:48  Drone  
  29  2:49  Drone  
  33  2:52  Drone  
  33  2:55  Drone  
  35  2:59  Drone  
  35  3:05  Overlord  
  36  3:16  Drone x3  
  36  3:18  Drone  
  40  3:23  Drone  
  40  3:24  Drone  
  42  3:28  Queen  
  42  3:34  Drone  
  45  3:36  Drone  
  45  3:40  Drone  
  47  3:42  Queen  
  47  3:43  Drone x4  
  47  3:46  Drone  
  54  3:52  Drone  
  54  3:54  Baneling Nest  
  54  3:56  Drone  
  54  3:57  Overlord  
  54  3:58  Overlord  
  54  3:59  Drone  
  54  4:00  Drone  
  57  4:03  Drone  
  57  4:05  Overlord  
  58  4:16  Drone  
  60  4:17  Drone x3  
  60  4:18  Queen  
  64  4:24  Evolution Chamber  
  64  4:25  Evolution Chamber  
  64  4:27  Drone  
  64  4:28  Drone  
  64  4:29  Zergling x2  
  64  4:30  Zergling x8  
  69  4:32  Zergling x2  
  69  4:37  Zergling x2  
  71  4:39  Zergling x2  
  71  4:41  Zergling x2  
  73  4:46  Zergling x6  
  73  4:49  Zergling x2  
Tags
 
Add a new tag
Caveats
  • Supply blocks, unpowered buildings, or Contaminate may cause inaccurate times.
  • Supply counts are checked every 10 seconds.